 Dungeon Crawl Stone Soup version 0.30.0-19-gbf45117a57 (webtiles) character file.

Game seed: 978170334628633160

103574 qw the Severer (level 16, -7/104 HPs)
             Began as a Gargoyle Fighter on May 25, 2023.
             Was a Priest of Okawaru.
             Mangled by Mlioglotl (19 damage)
             ... on level 1 of the Swamp.
             The game lasted 00:12:52 (24351 turns).

qw the Severer (Gargoyle Fighter)                  Turns: 24351, Time: 00:12:53

Health: -7/104     AC: 50    Str: 30    XL:     16   Next: 36%
Magic:  23/23      EV:  7    Int: 13    God:    Okawaru [***...]
Gold:   2907       SH: 37    Dex: 13    Spells: 15/15 levels left

rFire   . . .        n - +0 demon whip (venom)
rCold   + + .        H - +18 shield of the Gong {Loud rN+ Will+ rCorr EV-5}
rNeg    + + .        E - +3 plate armour {rC+}
rPois   inf          c - +1 helmet "Tacw" {rCorr Int+4}
rElec   +            g - +2 cloak
rCorr   +            i - +2 pair of gloves
SInv    .            l - +2 pair of boots
Will    ++...        e - amulet of reflection Stlth
                     b - ring "Qeherosk" {rC+ rCorr Str+2 Dex+4}
HPRegen 0.37/turn    z - +4 ring of protection
MPRegen 0.18/turn

%: reflection
@: about to teleport, heroic, flying
A: sickness immunity, AC +12, big wings, negative energy resistance 1,
electricity resistance, torment resistance 1, petrification resistance
a: Renounce Religion, Heroism


You were on level 1 of the Swamp.
You worshipped Okawaru.
Okawaru was most pleased with you.
You visited 5 branches of the dungeon, and saw 24 of its levels.
You also visited: Ossuary.

You collected 3492 gold pieces.
You spent 585 gold pieces at shops.


Innate Abilities, Weirdness & Mutations

You are immune to sickness and miasma.
Your stone body is resilient. (AC +12)
You are immune to poison.
Your large and strong wings let you fly.
You resist negative energy. (rN+)
You are resistant to electric shocks. (rElec)
You are resistant to unholy torment.
You are immune to petrification.


   Skills:
 - Level 13.0(18.0) Fighting
 - Level 17.0(22.0) Axes
 - Level 5.1(10.1) Throwing
 + Level 12.0(17.0) Armour
 - Level 4.1(9.1) Dodging
 - Level 13.0(18.0) Shields
 - Level 10.0 Invocations


You had 15 spell levels left.
You didn't know any spells.
Your spell library was empty.

Inventory:

Hand Weapons
 n - a +0 demon whip of venom (weapon)
 o - a +3 spectral war axe
 t - the +1 broad axe of Luxury {drain, rF+ Will+}
   (You acquired it on level 13 of the Dungeon)

   rF:        It protects you from fire.
   Will:      It increases your willpower.
Missiles
 p - 9 boomerangs (quivered)
Armour
 c - the +1 helmet "Tacw" (worn) {rCorr Int+4}
   (You found it on level 11 of the Dungeon)

   Int:       It affects your intelligence (+4).
   rCorr:     It protects you from acid and corrosion.
 g - a +2 cloak (worn)
 i - a +2 pair of gloves (worn)
 l - a +2 pair of boots (worn)
 r - the +5 scale mail of the Vaults {+Inv rCorr Int+2}
   (You found it in an ossuary)

   Int:       It affects your intelligence (+2).
   +Inv:      It lets you turn invisible.
   rCorr:     It protects you from acid and corrosion.
 E - a +3 plate armour of cold resistance (worn)
 H - the +18 shield of the Gong (worn) {Loud rN+ Will+ rCorr EV-5}
   (You found it on level 14 of the Dungeon)

   Loud:      It is deafeningly noisy when blocking attacks.
   EV:        It affects your evasion (-5).
   rN:        It protects you from negative energy.
   rCorr:     It protects you from acid and corrosion.
   Will:      It increases your willpower.
 I - +0 fire dragon scales
Jewellery
 b - the ring "Qeherosk" (left hand) {rC+ rCorr Str+2 Dex+4}
   (You found it on level 3 of the Dungeon)

   [ring of resist corrosion]

   Str:       It affects your strength (+2).
   Dex:       It affects your dexterity (+4).
   rC:        It protects you from cold.
   rCorr:     It protects you from acid and corrosion.
 e - an amulet of reflection (around neck)
 u - a ring of resist corrosion
 z - a +4 ring of protection (right hand)
 A - a +6 ring of strength
 B - a ring of see invisible
 D - a ring of protection from cold
Wands
 y - a wand of digging (15)
Scrolls
 a - 10 scrolls of identify
Potions
 d - 4 potions of might
 h - 6 potions of curing
 j - 3 potions of mutation
 k - 6 potions of attraction
 m - 5 potions of haste
 q - a potion of cancellation
 v - 2 potions of magic
 w - 4 potions of lignification
 x - 5 potions of resistance

Dungeon Overview and Level Annotations

Branches:
Dungeon (15/15)            Temple (1/1) D:6            Lair (5/5) D:9
  Swamp (1/4) Lair:3        Snake (0/4) Lair:3        Slime (0/5) Lair:5
    Orc (2/2) D:12            Elf (0/3) Orc:2        Vaults (0/5) D:13
 Depths (0/4) D:15        Ossuary (visited)

Altars:
Ashenzari
Cheibriados
Dithmenos
Elyvilon
Fedhas
Gozag
Hepliaklqana
Kikubaaqudgha
Makhleb
Nemelex Xobeh
Okawaru
Qazlal
Ru
Sif Muna
Trog
Uskayaw
Vehumet
Wu Jian
Xom
Yredelemnul
Zin
The Shining One
Lugonu

Shops:
D:1 *   D:10 [   Orc:2 *[:*(

Portals:
Abyss: Lair:5

Annotations:
D:2 1 runed translucent door, Crazy Yiuf
D:6 2 transporters, qw's ghost, novice GrCA
Lair:3 2 transporters, Xiemaice's ghost, journeyman DrFE
Swamp:1 Mlioglotl; Roxanne


Message History

BOUMMMMG!
You block Mlioglotl's attack.
BONNNG!
The six-headed hydra bites you but does no damage.
The six-headed hydra closely misses you.
You block the six-headed hydra's attack.
BOUMMMMG!
The six-headed hydra bites you but does no damage.
You block the six-headed hydra's attack.
PTOANNNG!
The six-headed hydra bites you but does no damage.
The alligator bites you! You block the alligator's attack.
SHROANNG!
The goliath frog hits you but does no damage.
The vampire mosquito bites you but does no damage.
You hear an angry buzzing noise.
You hit the vampire mosquito.
You destroy the vampire mosquito!
Okawaru accepts your kill. You block the wraith's attack.
BONNNG!
Mlioglotl hits you!
Mlioglotl tramples you but does no damage.
The alligator puts on a burst of speed!
The six-headed hydra bites you but does no damage.
You block the six-headed hydra's attack.
GONNNNG!
The six-headed hydra barely misses you.
You block the six-headed hydra's attack.
GONNNNG!
The six-headed hydra bites you!
You block the six-headed hydra's attack.
GONNNNG!
You hear an angry buzzing noise.
Your base Fighting skill increases to level 13!
24351 ||| READING scroll of teleportation.
As you read the scroll of teleportation, it crumbles to dust.
You feel strangely unstable.
The goliath frog hits you but does no damage.
Mlioglotl hits you!!
You die... 777

77.¤~..~¤...#777
7.777>~~~~¤.....77
7...~~~¤~~~.~~~.7
.~7.~~..(~~.~i..77
.~77..~..^¤.~~~..77
~~.7~~~.~77.~~~...77
.~~~.~~.7777.¤Fii.~7~7~.
~..7....7 7~.~.tX%~...~.
77777~777 7.~~wD@77..~..


7 777 7~.~~~W)7 ~.. 7 7~.~~~.~7 . 7 777...777 77777 You could see Mlioglotl
(strong), an alligator (swift), a six-headed hydra, a tyrant leech, a spriggan
druid, a goliath frog, a wraith (summoned) and 2 spriggans.

Vanquished Creatures
  Jorgrun (D:14)
  Louise (D:14)
  An orc warlord (Orc:2)
  An ironbound preserver (D:13)
  Snorg (D:13)
  A fire dragon (D:14)
  Josephine (Orc:1)
  2 ice dragons (D:15)
  8 hydras
  An alligator (Swamp:1)
  6 centaur warriors
  3 two-headed ogres
  3 boulder beetles
  A catoblepas (Lair:2)
  2 tengu warriors
  3 orc high priests
  3 thrashing horrors (Lair:5)
  Amaemon (D:11)
  4 skysharks (Lair:5)
  2 goliath frogs (Swamp:1)
  A swamp dragon (Swamp:1)
  Lodul (D:14)
  A spriggan druid (Swamp:1)
  A bog body (Swamp:1)
  3 deep elf pyromancers
  4 orc knights
  A salamander (Lair:3)
  10 orc sorcerers
  3 large abominations (Lair:5)
  3 manticores
  16 ugly things
  A necromancer (Lair:5)
  7 cyclopes
  Maurice (D:8)
  2 black mambas
  18 elephants
  2 guardian serpents (D:12)
  A gargoyle (D:10)
  2 vault sentinels (D:14)
  An orange demon (D:11)
  8 cane toads
  A smoke demon (Lair:5)
  An unseen horror (D:10)
  2 rime drakes
  Psyche (D:8)
  A freezing wraith (D:13)
  9 komodo dragons
  5 kobold demonologists
  An efreet (D:13)
  2 yaktaurs (D:14)
  2 ancient zymes (Lair:5)
  2 tengu conjurers
  5 trolls
  A polar bear (Lair:5)
  A troll (shapeshifter) (D:13)
  2 tyrant leeches (Swamp:1)
  33 blink frogs
  5 slime creatures (D:13)
  A vampire (D:13)
  A spriggan (Lair:5)
  3 wyverns
  62 yaks
  A hog (shapeshifter) (Lair:5)
  4 basilisks
  7 wraiths
  2 ynoxinuls (Lair:5)
  2 shadows
  Eustachio (D:6)
  A steam dragon (Lair:1)
  2 chaos spawn (Lair:5)
  3 wargs (Orc:2)
  5 vampire mosquitoes
  Edmund (D:4)
  7 swamp worms (Swamp:1)
  2 acid dragons
  Menkaure (D:7)
  11 water moccasins
  An ice beast (D:5)
  29 orc warriors
  Duvessa (D:5)
  A sky beast (D:7)
  19 ogres
  10 wolves
  16 centaurs
  7 kobold brigands
  An elf zombie (Ossuary)
  2 gnoll sergeants
  12 bullfrogs
  4 scorpions
  A wight (D:8)
  Dowan (D:5)
  14 killer bees
  3 electric eels
  9 howler monkeys
  4 lava snakes (Lair:3)
  2 centaur zombies (Ossuary)
  2 hounds
  15 orc priests
  8 jellies
  2 gnoll boudas
  3 iguanas
  A sleepcap (D:5)
  Natasha (twice) (D:4 D:3)
  27 orc wizards
  2 yak simulacra (Lair:5)
  2 polar bear simulacra (Lair:5)
  5 wolf simulacra (Lair:5)
  13 small abominations (Lair:5)
  2 mummies (Ossuary)
  6 adders
  10 gnolls
  A shadow imp (D:6)
  3 white imps
  An adder zombie (Ossuary)
  3 worms
  A dart slug (D:3)
  83 orcs
  5 ball pythons
  2 endoplasms
  6 giant cockroaches
  5 goblins
  9 hobgoblins
  6 jackals
  18 kobolds
  7 quokkas
  4 bats
  3 frilled lizards
  A goblin zombie (Ossuary)
  9 hobgoblin zombies (Ossuary)
  A jackal zombie (Ossuary)
  9 kobold zombies (Ossuary)
  9 orc zombies (Ossuary)
  5 rats
  4 rat zombies (Ossuary)
  2 river rat simulacra (Lair:5)
758 creatures vanquished.

Vanquished Creatures (others)
  A centaur (D:9)
  An orc wizard (Orc:1)
  A gnoll (D:9)
  An orc (Orc:2)
  18 foxfires (Swamp:1)
  4 spectral weapons (Lair:5)
26 creatures vanquished.

Grand Total: 784 creatures vanquished

Notes
Turn   | Place    | Note
-------+----------+-------------------------------------------
     0 | D:1      | qw the Gargoyle Fighter began the quest for the Orb.
     0 | D:1      | Reached XP level 1. HP: 14/14 MP: 1/1
     0 | D:1      | 0 ||| qw: Version: 0.2-a-98-g5d7165a
     0 | D:1      | 0 ||| qw: Game counter: 99
     0 | D:1      | 0 ||| qw: Always use a shield: true
     0 | D:1      | 0 ||| qw: God list: Okawaru
     0 | D:1      | 0 ||| qw: Allow faded altars: false
     0 | D:1      | 0 ||| qw: Do Orc after D:15 true
     0 | D:1      | 0 ||| qw: Do second Lair branch before Depths: true
     0 | D:1      | 0 ||| qw: Lair rune preference: random
     0 | D:1      | 0 ||| qw: Plans: Normal, Zot:1-4, God:TSO, Crypt, Tomb,
                  | Pan, Slime:5, Hells, Abyss, Win
     0 | D:1      | 0 ||| PLANNING D:1-11
    32 | D:1      | Found Zeluxi's General Store.
    36 | D:1      | 36 ||| SHOPLISTING scroll of identify (28 gold, have 25).
    79 | D:1      | Reached skill level 2 in Axes
   244 | D:1      | Reached XP level 2. HP: 19/19 MP: 2/2
   244 | D:1      | 244 ||| Stepping ~*~*~tactically~*~*~ (stealth).
   257 | D:1      | 257 ||| Stepping ~*~*~tactically~*~*~ (stealth).
   262 | D:1      | 262 ||| Stepping ~*~*~tactically~*~*~ (stealth).
   276 | D:1      | 276 ||| Stepping ~*~*~tactically~*~*~ (stealth).
   279 | D:1      | 279 ||| Stepping ~*~*~tactically~*~*~ (stealth).
   302 | D:1      | 302 ||| Stepping ~*~*~tactically~*~*~ (stealth).
   303 | D:1      | 303 ||| Stepping ~*~*~tactically~*~*~ (stealth).
   304 | D:1      | 304 ||| Stepping ~*~*~tactically~*~*~ (stealth).
   305 | D:1      | 305 ||| Stepping ~*~*~tactically~*~*~ (stealth).
   485 | D:1      | Reached skill level 3 in Axes
   592 | D:1      | 592 ||| UPGRADING to +0 plate armour.
   602 | D:1      | 602 ||| DROPPING +0 scale mail.
   603 | D:1      | 603 ||| UPGRADING to +2 pair of boots.
   608 | D:1      | 608 ||| READING scroll labelled RAAGEH SUM.
   611 | D:1      | 611 ||| READING scroll labelled VABLUERITE.
   612 | D:1      | 612 ||| READING 2 scrolls labelled DUUROXKAO.
   613 | D:1      | 613 ||| DROPPING scroll of blinking.
   629 | D:2      | Found a faded altar of an unknown god.
   639 | D:2      | Reached XP level 3. HP: 23/23 MP: 3/3
   796 | D:2      | 796 ||| DROPPING +0 club.
   872 | D:2      | Found Ugges's General Store.
  1085 | D:2      | Found a hide-covered altar of Uskayaw.
  1095 | D:2      | Reached XP level 4. HP: 28/28 MP: 4/4
  1114 | D:2      | Reached skill level 4 in Axes
  1167 | D:2      | Found a runed translucent door.
  1168 | D:2      | Noticed Crazy Yiuf
  1417 | D:2      | 1417 ||| READING 2 scrolls labelled QIGGO XAXUIS.
  1418 | D:2      | 1418 ||| READING scroll labelled ZEOGOFROCWU.
  1419 | D:2      | 1419 ||| READING scroll labelled VUETUE NEQU.
  1420 | D:2      | 1420 ||| DROPPING scroll of vulnerability.
  1461 | D:3      | 1461 ||| Stepping ~*~*~tactically~*~*~ (hiding).
  1494 | D:3      | 1494 ||| Stepping ~*~*~tactically~*~*~ (hiding).
  1569 | D:3      | 1569 ||| Stepping ~*~*~tactically~*~*~ (hiding).
  1702 | D:3      | 1702 ||| Stepping ~*~*~tactically~*~*~ (hiding).
  1818 | D:3      | Found a radiant altar of Vehumet.
  1913 | D:3      | Identified the ring "Qeherosk" {rC+ rCorr Str+2 Dex+4}
  2039 | D:3      | 2039 ||| Stepping ~*~*~tactically~*~*~ (hiding).
  2355 | D:3      | Found a sacrificial altar of Ru.
  2416 | D:3      | 2416 ||| UPGRADING to ring "Qeherosk" {rC+ rCorr Str+2
                  | Dex+4}.
  2417 | D:3      | 2417 ||| DRINKING 3 fuming white potions.
  2418 | D:3      | 2418 ||| READING 6 scrolls of identify.
  2418 | D:3      | 2418 ||| IDENTIFYING metallic silvery potion
  2419 | D:3      | 2419 ||| READING 5 scrolls of identify.
  2419 | D:3      | 2419 ||| IDENTIFYING pink potion
  2451 | D:4      | 2451 ||| PLANNING SEWER
  2461 | D:4      | 2461 ||| STAIRDANCE
  2465 | D:3      | Reached XP level 5. HP: 17/32 MP: 5/5
  2537 | D:4      | Reached skill level 5 in Axes
  2561 | D:4      | Noticed an ogre
  2562 | D:4      | 2562 ||| Stepping ~*~*~tactically~*~*~ (stealth).
  2572 | D:4      | Killed an ogre
  2573 | D:4      | Reached skill level 1 in Dodging
  2573 | D:4      | Reached XP level 6. HP: 15/37 MP: 6/6
  2659 | D:4      | Identified the +1 robe of Hangman {Str+3}
  2688 | D:4      | Found a sparkling altar of Nemelex Xobeh.
  2720 | D:4      | 2720 ||| DRINKING 2 potions of curing.
  2720 | D:4      | 2720 ||| (to cure confusion)
  2858 | D:4      | 2858 ||| Stepping ~*~*~tactically~*~*~ (stealth).
  2871 | D:4      | Reached XP level 7. HP: 38/43 MP: 7/7
  2890 | D:4      | 2890 ||| DROPPING +0 whip.
  2901 | D:4      | Found a white marble altar of Elyvilon.
  2919 | D:4      | Reached skill level 6 in Axes
  2932 | D:4      | Noticed Natasha
  2934 | D:4      | 2934 ||| Stepping ~*~*~tactically~*~*~ (hiding).
  2944 | D:4      | Killed Natasha
  3065 | D:4      | 3065 ||| RIP SEWER
  3067 | D:4      | 3067 ||| PLANNING D:1-11
  3099 | D:4      | Found an opulent altar of Gozag.
  3248 | D:4      | Noticed Natasha
  3249 | D:4      | 3249 ||| Stepping ~*~*~tactically~*~*~ (stealth).
  3250 | D:4      | 3250 ||| Stepping ~*~*~tactically~*~*~ (stealth).
  3251 | D:4      | 3251 ||| Stepping ~*~*~tactically~*~*~ (stealth).
  3252 | D:4      | 3252 ||| Stepping ~*~*~tactically~*~*~ (stealth).
  3253 | D:4      | 3253 ||| Stepping ~*~*~tactically~*~*~ (stealth).
  3256 | D:4      | 3256 ||| Stepping ~*~*~tactically~*~*~ (stealth).
  3263 | D:4      | 3263 ||| STAIRDANCE
  3266 | D:3      | Killed Natasha
  3293 | D:3      | 3293 ||| UPGRADING to +2 cloak.
  3298 | D:3      | 3298 ||| READING scroll labelled HUTABE QEKICUU.
  3299 | D:3      | 3299 ||| DRINKING 2 sedimented puce potions.
  3300 | D:3      | 3300 ||| DRINKING 3 cyan potions.
  3310 | D:4      | Noticed Edmund
  3333 | D:4      | Killed Edmund
  3751 | D:5      | Entered Level 5 of the Dungeon
  3783 | D:5      | 3783 ||| Stepping ~*~*~tactically~*~*~ (hiding).
  3797 | D:5      | 3797 ||| Stepping ~*~*~tactically~*~*~ (hiding).
  3803 | D:5      | Noticed Dowan
  3805 | D:5      | Reached skill level 7 in Axes
  3808 | D:5      | Noticed Duvessa
  3811 | D:5      | Reached XP level 8. HP: 42/48 MP: 8/8
  3827 | D:5      | HP: 9/48 [gnoll bouda/+0 whip (4)]
  3828 | D:5      | 3828 ||| READING 3 scrolls of teleportation.
  3829 | D:5      | 3829 ||| DRINKING 2 potions of heal wounds.
  3830 | D:5      | Killed Duvessa
  3839 | D:5      | Reached skill level 1 in Throwing
  3849 | D:5      | 3849 ||| Stepping ~*~*~tactically~*~*~ (stealth).
  3911 | D:5      | 3911 ||| Stepping ~*~*~tactically~*~*~ (stealth).
  3962 | D:5      | Killed Dowan
  3985 | D:5      | 3985 ||| Stepping ~*~*~tactically~*~*~ (stealth).
  3986 | D:5      | 3986 ||| Stepping ~*~*~tactically~*~*~ (stealth).
  3987 | D:5      | 3987 ||| Stepping ~*~*~tactically~*~*~ (stealth).
  4148 | D:5      | Reached skill level 8 in Axes
  4203 | D:5      | 4203 ||| Stepping ~*~*~tactically~*~*~ (hiding).
  4486 | D:5      | 4486 ||| DROPPING +1 cloak.
  4487 | D:5      | 4487 ||| READING scroll labelled XERUOBLEKAC.
  4488 | D:5      | 4488 ||| READING scroll labelled XAZOUMM YJIUPP.
  4493 | D:6      | 4493 ||| Stepping ~*~*~tactically~*~*~ (hiding).
  4498 | D:6      | 4498 ||| DRINKING 3 potions of curing.
  4498 | D:6      | 4498 ||| (to cure confusion)
  4543 | D:6      | Found a staircase to the Ecumenical Temple.
  4544 | D:6      | 4544 ||| PLANNING TEMPLE
  4544 | D:6      | 4544 ||| READING 5 scrolls of identify.
  4544 | D:6      | 4544 ||| IDENTIFYING bubbling brown potion
  4545 | D:6      | 4545 ||| DROPPING potion of magic.
  4554 | Temple   | Entered the Ecumenical Temple
  4651 | Temple   | 4651 ||| PLANNING OKAWARU WORSHIP
  4790 | Temple   | Became a worshipper of Warmaster Okawaru
  4790 | Temple   | 4790 ||| PLANNING D:1-11
  5012 | D:6      | Reached skill level 6 in Fighting
  5131 | D:6      | Noticed qw's ghost (novice GrCA)
  5132 | D:6      | Found a transporter.
  5133 | D:6      | Noticed a wyvern
  5140 | D:6      | Killed a wyvern
  5140 | D:6      | Reached * piety under Okawaru
  5141 | D:6      | Reached XP level 9. HP: 31/55 MP: 9/9
  5160 | D:6      | Identified the +1 great mace of Gluttony {drain, Will+
                  | Dex+3}
  5236 | D:6      | 5236 ||| Stepping ~*~*~tactically~*~*~ (hiding).
  5255 | D:6      | Reached skill level 1 in Invocations
  5318 | D:6      | Found a transporter.
  5347 | D:6      | Noticed Eustachio
  5348 | D:6      | 5348 ||| INVOKING Heroism.
  5356 | D:6      | Killed Eustachio
  5357 | D:6      | Reached skill level 9 in Axes
  5522 | D:6      | 5522 ||| READING scroll labelled VEVOON QICWED.
  5523 | D:6      | 5523 ||| READING 4 scrolls of identify.
  5523 | D:6      | 5523 ||| IDENTIFYING bubbling purple potion
  5524 | D:6      | 5524 ||| DROPPING potion of flight.
  5548 | D:7      | 5548 ||| PLANNING OSSUARY
  5598 | D:7      | 5598 ||| Stepping ~*~*~tactically~*~*~ (hiding).
  5713 | D:7      | Found a sand-covered staircase.
  5742 | D:7      | Noticed Menkaure
  5743 | D:7      | 5743 ||| Stepping ~*~*~tactically~*~*~ (hiding).
  5745 | D:7      | 5745 ||| INVOKING Heroism.
  5752 | D:7      | Killed Menkaure
  5753 | D:7      | Reached skill level 3 in Invocations
  5859 | Ossuary  | Entered an ossuary
  6246 | Ossuary  | Identified the +5 scale mail of the Vaults {+Inv rCorr
                  | Int+2}
  6279 | Ossuary  | 6279 ||| DRINKING 2 emerald potions.
  6280 | Ossuary  | 6280 ||| READING 4 scrolls of identify.
  6280 | Ossuary  | 6280 ||| IDENTIFYING fuming purple potion
  6281 | Ossuary  | 6281 ||| DROPPING potion of brilliance.
  6282 | Ossuary  | 6282 ||| DROPPING potion of degeneration.
  6297 | D:7      | 6297 ||| PLANNING D:1-11
  6497 | D:7      | Reached skill level 6 in Armour
  6593 | D:7      | Identified the +9 long sword of Awkwardness {holy, rF+++
                  | Will- Stlth+}
  6597 | D:7      | 6597 ||| DRINKING 3 potions of curing.
  6597 | D:7      | 6597 ||| (to cure confusion)
  6651 | D:7      | Reached ** piety under Okawaru
  6792 | D:7      | 6792 ||| UPGRADING to ring of willpower.
  6815 | D:7      | 6815 ||| INVOKING Heroism.
  6833 | D:7      | 6833 ||| DROPPING +0 flail.
  6842 | D:8      | 6842 ||| INVOKING Heroism.
  7030 | D:8      | 7030 ||| Stepping ~*~*~tactically~*~*~ (hiding).
  7032 | D:8      | Noticed a kobold demonologist
  7034 | D:8      | 7034 ||| Stepping ~*~*~tactically~*~*~ (hiding).
  7054 | D:8      | 7054 ||| INVOKING Heroism.
  7055 | D:8      | Noticed a smoke demon
  7061 | D:8      | HP: 6/57 [smoke demon/divine providence[a kobold
                  | demonologist] (13)]
  7062 | D:8      | 7062 ||| READING 3 scrolls of teleportation.
  7063 | D:8      | 7063 ||| DRINKING potion of heal wounds.
  7089 | D:8      | 7089 ||| INVOKING Heroism.
  7134 | D:8      | 7134 ||| INVOKING Heroism.
  7195 | D:8      | 7195 ||| Stepping ~*~*~tactically~*~*~ (stealth).
  7198 | D:8      | 7198 ||| Stepping ~*~*~tactically~*~*~ (stealth).
  7200 | D:8      | 7200 ||| Stepping ~*~*~tactically~*~*~ (stealth).
  7209 | D:8      | 7209 ||| Stepping ~*~*~tactically~*~*~ (stealth).
  7215 | D:8      | 7215 ||| Stepping ~*~*~tactically~*~*~ (stealth).
  7218 | D:8      | 7218 ||| Stepping ~*~*~tactically~*~*~ (stealth).
  7226 | D:8      | 7226 ||| INVOKING Heroism.
  7252 | D:8      | Noticed Maurice
  7253 | D:8      | 7253 ||| Stepping ~*~*~tactically~*~*~ (hiding).
  7254 | D:8      | 7254 ||| Stepping ~*~*~tactically~*~*~ (hiding).
  7270 | D:8      | Reached XP level 10. HP: 62/63 MP: 13/13
  7279 | D:8      | 7279 ||| INVOKING Heroism.
  7292 | D:8      | Killed Maurice
  7293 | D:8      | Reached skill level 10 in Axes
  7447 | D:8      | Identified the +2 mace "Grim Tooth" {flame, *Noise rPois
                  | rN+ SInv}
  7498 | D:8      | Noticed Psyche
  7499 | D:8      | 7499 ||| INVOKING Heroism.
  7508 | D:8      | Killed Psyche
  7588 | D:8      | 7588 ||| Stepping ~*~*~tactically~*~*~ (hiding).
  7594 | D:8      | 7594 ||| Stepping ~*~*~tactically~*~*~ (hiding).
  7900 | D:8      | 7900 ||| Stepping ~*~*~tactically~*~*~ (hiding).
  7939 | D:8      | 7939 ||| Stepping ~*~*~tactically~*~*~ (hiding).
  7942 | D:8      | 7942 ||| Stepping ~*~*~tactically~*~*~ (hiding).
  7974 | D:8      | 7974 ||| Stepping ~*~*~tactically~*~*~ (stealth).
  7976 | D:8      | 7976 ||| Stepping ~*~*~tactically~*~*~ (hiding).
  7978 | D:8      | 7978 ||| Stepping ~*~*~tactically~*~*~ (hiding).
  8044 | D:8      | Killed a kobold demonologist
  8087 | D:8      | 8087 ||| UPGRADING to +6 ring of strength.
  8089 | D:8      | 8089 ||| DROPPING ring of willpower.
  8090 | D:8      | 8090 ||| READING scroll labelled MISTRU QEYWIECA.
  8100 | D:9      | Found a shimmering blue altar of Sif Muna.
  8102 | D:9      | 8102 ||| STAIRDANCE
  8119 | D:8      | 8119 ||| Stepping ~*~*~tactically~*~*~ (stealth).
  8120 | D:8      | 8120 ||| Stepping ~*~*~tactically~*~*~ (stealth).
  8135 | D:9      | 8135 ||| STAIRDANCE
  8189 | D:9      | 8189 ||| INVOKING Heroism.
  8330 | D:9      | 8330 ||| Stepping ~*~*~tactically~*~*~ (hiding).
  8335 | D:9      | 8335 ||| INVOKING Heroism.
  8373 | D:9      | Found a staircase to the Lair.
  8396 | D:9      | Identified the +4 spear of Contention {freeze, *Rage rElec
                  | rCorr SInv}
  8464 | D:9      | 8464 ||| Stepping ~*~*~tactically~*~*~ (stealth).
  8531 | D:9      | 8531 ||| Stepping ~*~*~tactically~*~*~ (hiding).
  8532 | D:9      | 8532 ||| Stepping ~*~*~tactically~*~*~ (hiding).
  8534 | D:9      | 8534 ||| Stepping ~*~*~tactically~*~*~ (hiding).
  8535 | D:9      | 8535 ||| Stepping ~*~*~tactically~*~*~ (hiding).
  8536 | D:9      | 8536 ||| Stepping ~*~*~tactically~*~*~ (hiding).
  8544 | D:9      | 8544 ||| Stepping ~*~*~tactically~*~*~ (hiding).
  8545 | D:9      | 8545 ||| Stepping ~*~*~tactically~*~*~ (hiding).
  8797 | D:9      | Found a glowing silver altar of Zin.
  9031 | D:9      | 9031 ||| PLANNING LAIR
  9031 | D:9      | 9031 ||| READING scroll labelled GUTZUP DINOAV.
  9031 | D:9      | Identified a scroll of acquirement
  9031 | D:9      | 9031 ||| ACQUIRING +0 hat of Sodegau {-Tele Rampage rPois
                  | rN+}
  9031 | D:9      | Acquired the +0 hat of Sodegau {-Tele Rampage rPois rN+}
  9033 | D:9      | 9033 ||| READING 4 scrolls of identify.
  9033 | D:9      | 9033 ||| IDENTIFYING brown potion
  9034 | D:9      | 9034 ||| DROPPING potion of berserk rage.
  9084 | Lair:1   | Entered Level 1 of the Lair of Beasts
  9115 | Lair:1   | Noticed a black mamba
  9116 | Lair:1   | 9116 ||| INVOKING Heroism.
  9120 | Lair:1   | Killed a black mamba
  9121 | Lair:1   | 9121 ||| Stepping ~*~*~tactically~*~*~ (stealth).
  9123 | Lair:1   | 9123 ||| Stepping ~*~*~tactically~*~*~ (stealth).
  9127 | Lair:1   | 9127 ||| Stepping ~*~*~tactically~*~*~ (stealth).
  9128 | Lair:1   | 9128 ||| Stepping ~*~*~tactically~*~*~ (stealth).
  9142 | Lair:1   | Reached skill level 11 in Axes
  9210 | Lair:1   | 9210 ||| Stepping ~*~*~tactically~*~*~ (stealth).
  9225 | Lair:1   | Reached XP level 11. HP: 59/69 MP: 14/14
  9228 | Lair:1   | Reached skill level 9 in Fighting
  9230 | Lair:1   | Reached *** piety under Okawaru
  9238 | Lair:1   | 9238 ||| INVOKING Heroism.
  9368 | Lair:1   | 9368 ||| Stepping ~*~*~tactically~*~*~ (stealth).
  9369 | Lair:1   | 9369 ||| Stepping ~*~*~tactically~*~*~ (stealth).
  9370 | Lair:1   | 9370 ||| Stepping ~*~*~tactically~*~*~ (stealth).
  9414 | Lair:1   | 9414 ||| INVOKING Heroism.
  9453 | Lair:1   | 9453 ||| INVOKING Heroism.
  9482 | Lair:1   | 9482 ||| INVOKING Heroism.
  9574 | Lair:1   | 9574 ||| INVOKING Heroism.
  9659 | Lair:1   | 9659 ||| INVOKING Heroism.
 10079 | Lair:1   | 10079 ||| UPGRADING to +0 pair of gloves.
 10084 | Lair:1   | 10084 ||| READING 3 scrolls labelled GAON ETAHAOSEC.
 10085 | Lair:1   | 10085 ||| READING 2 scrolls of enchant armour.
 10085 | Lair:1   | 10085 ||| ENCHANTING +0 pair of gloves.
 10086 | Lair:1   | 10086 ||| READING scroll of enchant armour.
 10086 | Lair:1   | 10086 ||| ENCHANTING +1 pair of gloves.
 10114 | Lair:2   | 10114 ||| INVOKING Heroism.
 10121 | Lair:2   | Reached skill level 3 in Throwing
 10125 | Lair:2   | Reached skill level 12 in Axes
 10131 | Lair:2   | Reached skill level 6 in Shields
 10132 | Lair:2   | Reached **** piety under Okawaru
 10133 | Lair:2   | Reached skill level 3 in Dodging
 10138 | Lair:2   | 10138 ||| STAIRDANCE
 10140 | Lair:1   | 10140 ||| INVOKING Heroism.
 10287 | Lair:2   | 10287 ||| INVOKING Heroism.
 10376 | Lair:2   | 10376 ||| INVOKING Heroism.
 10472 | Lair:2   | 10472 ||| Stepping ~*~*~tactically~*~*~ (stealth).
 10484 | Lair:2   | Reached XP level 12. HP: 74/76 MP: 14/16
 10492 | Lair:2   | Reached skill level 9 in Armour
 10494 | Lair:2   | 10494 ||| INVOKING Heroism.
 10809 | Lair:2   | Noticed a catoblepas
 10810 | Lair:2   | 10810 ||| INVOKING Heroism.
 10822 | Lair:2   | Killed a catoblepas
 10966 | Lair:2   | 10966 ||| READING scroll of acquirement.
 10966 | Lair:2   | 10966 ||| ACQUIRING 832 gold pieces
 10966 | Lair:2   | Acquired 832 gold pieces
 11163 | Lair:2   | 11163 ||| DROPPING +1 pair of boots.
 11164 | Lair:2   | 11164 ||| READING scroll labelled QANUGITHROD.
 11302 | Lair:3   | Noticed Xiemaice's ghost (journeyman DrFE)
 11303 | Lair:3   | Noticed a five-headed hydra
 11337 | Lair:3   | 11337 ||| INVOKING Heroism.
 11411 | Lair:3   | 11411 ||| DROPPING +2 mace of protection.
 11428 | Lair:3   | Found a staircase to the Swamp.
 11428 | Lair:3   | Noticed a five-headed hydra
 11429 | Lair:3   | 11429 ||| INVOKING Heroism.
 11432 | Lair:3   | Killed a five-headed hydra
 11442 | Lair:3   | Found a transporter.
 11460 | Lair:3   | 11460 ||| Stepping ~*~*~tactically~*~*~ (stealth).
 11465 | Lair:3   | 11465 ||| INVOKING Heroism.
 11551 | Lair:3   | 11551 ||| INVOKING Heroism.
 11568 | Lair:3   | Reached skill level 6 in Invocations
 11832 | Lair:3   | Found a transporter.
 11927 | Lair:3   | 11927 ||| INVOKING Heroism.
 11969 | Lair:3   | Found a staircase to the Snake Pit.
 11970 | Lair:3   | 11970 ||| INVOKING Heroism.
 11976 | Lair:3   | Reached skill level 13 in Axes
 11982 | Lair:3   | HP: 10/77 [salamander/+0 glaive (10)]
 11983 | Lair:3   | 11983 ||| READING 5 scrolls of teleportation.
 11984 | Lair:3   | 11984 ||| DRINKING 2 potions of heal wounds.
 12193 | Lair:3   | 12193 ||| Stepping ~*~*~tactically~*~*~ (stealth).
 12194 | Lair:3   | 12194 ||| Stepping ~*~*~tactically~*~*~ (stealth).
 12196 | Lair:3   | 12196 ||| INVOKING Heroism.
 12483 | Lair:3   | 12483 ||| READING 7 scrolls of identify.
 12483 | Lair:3   | 12483 ||| IDENTIFYING amethyst potion
 12512 | Lair:4   | Noticed a four-headed hydra
 12513 | Lair:4   | 12513 ||| INVOKING Heroism.
 12518 | Lair:4   | 12518 ||| SWAPPING to +2 mace "Grim Tooth" {flame, *Noise
                  | rPois rN+ SInv}.
 12522 | Lair:4   | Killed a four-headed hydra
 12523 | Lair:4   | 12523 ||| SWAPPING to +1 war axe.
 12686 | Lair:4   | 12686 ||| INVOKING Heroism.
 12700 | Lair:4   | Reached XP level 13. HP: 61/82 MP: 17/19
 13017 | Lair:4   | Reached skill level 9 in Invocations
 13488 | Lair:4   | 13488 ||| UPGRADING to +4 ring of protection.
 13490 | Lair:4   | 13490 ||| READING scroll labelled HYJECO ENEE.
 13540 | Lair:5   | Entered Level 5 of the Lair of Beasts
 13548 | Lair:5   | 13548 ||| INVOKING Heroism.
 13647 | Lair:5   | 13647 ||| INVOKING Heroism.
 13677 | Lair:5   | 13677 ||| SWAPPING to +2 mace "Grim Tooth" {flame, *Noise
                  | rPois rN+ SInv}.
 13684 | Lair:5   | 13684 ||| SWAPPING to +1 spectral war axe.
 13687 | Lair:5   | Reached ***** piety under Okawaru
 13761 | Lair:5   | 13761 ||| INVOKING Heroism.
 13765 | Lair:5   | 13765 ||| Stepping ~*~*~tactically~*~*~ (water).
 14010 | Lair:5   | Received a gift from Okawaru
 14081 | Lair:5   | 14081 ||| Stepping ~*~*~tactically~*~*~ (stealth).
 14082 | Lair:5   | 14082 ||| Stepping ~*~*~tactically~*~*~ (stealth).
 14087 | Lair:5   | Reached skill level 14 in Axes
 14105 | Lair:5   | Found a staircase to the Slime Pits.
 14121 | Lair:5   | 14121 ||| INVOKING Heroism.
 14282 | Lair:5   | 14282 ||| READING scroll of enchant weapon.
 14282 | Lair:5   | 14282 ||| ENCHANTING +1 spectral war axe.
 14330 | Lair:5   | 14330 ||| INVOKING Heroism.
 14455 | Lair:5   | 14455 ||| INVOKING Heroism.
 14479 | Lair:5   | 14479 ||| Stepping ~*~*~tactically~*~*~ (stealth).
 14481 | Lair:5   | 14481 ||| Stepping ~*~*~tactically~*~*~ (stealth).
 14531 | Lair:5   | 14531 ||| INVOKING Heroism.
 14550 | Lair:5   | 14550 ||| Stepping ~*~*~tactically~*~*~ (stealth).
 14551 | Lair:5   | 14551 ||| Stepping ~*~*~tactically~*~*~ (stealth).
 14585 | Lair:5   | 14585 ||| Stepping ~*~*~tactically~*~*~ (hiding).
 14586 | Lair:5   | 14586 ||| INVOKING Heroism.
 14615 | Lair:5   | 14615 ||| Stepping ~*~*~tactically~*~*~ (stealth).
 14645 | Lair:5   | 14645 ||| INVOKING Heroism.
 14680 | Lair:5   | Gained mutation: Your large and strong wings let you fly.
                  | [Gargoyle growth]
 14680 | Lair:5   | Reached XP level 14. HP: 48/90 MP: 21/21
 14888 | Lair:5   | 14888 ||| Stepping ~*~*~tactically~*~*~ (stealth).
 14900 | Lair:5   | 14900 ||| Stepping ~*~*~tactically~*~*~ (stealth).
 14902 | Lair:5   | 14902 ||| Stepping ~*~*~tactically~*~*~ (stealth).
 14920 | Lair:5   | Reached skill level 15 in Axes
 15011 | Lair:5   | 15011 ||| Stepping ~*~*~tactically~*~*~ (stealth).
 15023 | Lair:5   | 15023 ||| Stepping ~*~*~tactically~*~*~ (stealth).
 15024 | Lair:5   | 15024 ||| Stepping ~*~*~tactically~*~*~ (stealth).
 15079 | Lair:5   | Found a corrupted altar of Lugonu.
 15079 | Lair:5   | Found a one-way gate to the infinite horrors of the Abyss.
 15458 | Lair:5   | 15458 ||| PLANNING D:1-11
 15458 | Lair:5   | 15458 ||| DROPPING +1 pair of gloves.
 15459 | Lair:5   | 15459 ||| READING scroll labelled IHOICWI RAYKLA.
 15591 | D:10     | Entered Level 10 of the Dungeon
 15598 | D:10     | 15598 ||| Stepping ~*~*~tactically~*~*~ (stealth).
 15682 | D:10     | 15682 ||| Stepping ~*~*~tactically~*~*~ (stealth).
 15683 | D:10     | 15683 ||| Stepping ~*~*~tactically~*~*~ (stealth).
 15702 | D:10     | Found Beorey's Armour Shoppe.
 15755 | D:10     | 15755 ||| BUYING +0 helmet (45 gold).
 15755 | D:10     | Bought a +0 helmet for 45 gold pieces
 15755 | D:10     | 15755 ||| BUYING +3 warlock's mirror {omnireflect} (400
                  | gold).
 15755 | D:10     | Bought the +3 warlock's mirror {omnireflect} for 400 gold
                  | pieces
 15755 | D:10     | Found the +3 warlock's mirror {omnireflect}
 15960 | D:10     | 15960 ||| INVOKING Heroism.
 16154 | D:10     | 16154 ||| Stepping ~*~*~tactically~*~*~ (hiding).
 16187 | D:10     | 16187 ||| Stepping ~*~*~tactically~*~*~ (stealth).
 16191 | D:10     | 16191 ||| Stepping ~*~*~tactically~*~*~ (stealth).
 16193 | D:10     | 16193 ||| Stepping ~*~*~tactically~*~*~ (stealth).
 16200 | D:10     | 16200 ||| Stepping ~*~*~tactically~*~*~ (hiding).
 16229 | D:10     | 16229 ||| DROPPING +2 mace "Grim Tooth" {flame, *Noise
                  | rPois rN+ SInv}.
 16230 | D:10     | 16230 ||| DROPPING +1 flail of holy wrath.
 16249 | D:10     | 16249 ||| Stepping ~*~*~tactically~*~*~ (stealth).
 16275 | D:10     | Received a gift from Okawaru
 16329 | D:10     | 16329 ||| READING scroll of enchant weapon.
 16329 | D:10     | 16329 ||| ENCHANTING +2 spectral war axe.
 16468 | D:10     | Identified the +8 dagger of the Establishment {distort,
                  | rElec rN+ Int+2}
 16597 | D:10     | 16597 ||| DROPPING +0 hat of Sodegau {-Tele Rampage rPois
                  | rN+}.
 16598 | D:10     | 16598 ||| UPGRADING to +0 helmet.
 16603 | D:10     | 16603 ||| UPGRADING to +3 warlock's mirror {omnireflect}.
 16613 | D:10     | 16613 ||| DROPPING +0 buckler.
 16660 | D:11     | 16660 ||| Stepping ~*~*~tactically~*~*~ (stealth).
 16689 | D:11     | 16689 ||| Stepping ~*~*~tactically~*~*~ (stealth).
 16690 | D:11     | 16690 ||| Stepping ~*~*~tactically~*~*~ (stealth).
 16694 | D:11     | 16694 ||| Stepping ~*~*~tactically~*~*~ (hiding).
 16695 | D:11     | 16695 ||| Stepping ~*~*~tactically~*~*~ (hiding).
 16704 | D:11     | Reached skill level 12 in Fighting
 16785 | D:11     | 16785 ||| Stepping ~*~*~tactically~*~*~ (hiding).
 16910 | D:11     | Identified the +1 helmet "Tacw" {rCorr Int+4}
 17072 | D:11     | 17072 ||| Stepping ~*~*~tactically~*~*~ (hiding).
 17073 | D:11     | 17073 ||| Stepping ~*~*~tactically~*~*~ (hiding).
 17237 | D:11     | Noticed Amaemon
 17244 | D:11     | Killed Amaemon
 17285 | D:11     | 17285 ||| DROPPING +1 flail of venom.
 17311 | D:11     | 17311 ||| INVOKING Heroism.
 17312 | D:11     | 17312 ||| INVOKING Finesse.
 17602 | D:11     | 17602 ||| PLANNING D
 17602 | D:11     | 17602 ||| UPGRADING to +1 helmet "Tacw" {rCorr Int+4}.
 17612 | D:11     | 17612 ||| DROPPING +0 helmet.
 17647 | D:12     | Found a staircase to the Orcish Mines.
 17648 | D:12     | 17648 ||| Stepping ~*~*~tactically~*~*~ (stealth).
 17650 | D:12     | 17650 ||| Stepping ~*~*~tactically~*~*~ (stealth).
 17665 | D:12     | 17665 ||| STAIRDANCE
 17667 | D:11     | Received a gift from Okawaru
 17786 | D:12     | 17786 ||| READING scroll of enchant armour.
 17786 | D:12     | 17786 ||| ENCHANTING +0 plate armour.
 17801 | D:12     | Reached skill level 12 in Armour
 17815 | D:12     | 17815 ||| INVOKING Heroism.
 17848 | D:12     | 17848 ||| DRINKING 6 potions of curing.
 17848 | D:12     | 17848 ||| (to cure confusion)
 18084 | D:12     | 18084 ||| Stepping ~*~*~tactically~*~*~ (stealth).
 18088 | D:12     | 18088 ||| Stepping ~*~*~tactically~*~*~ (stealth).
 18089 | D:12     | 18089 ||| Stepping ~*~*~tactically~*~*~ (stealth).
 18090 | D:12     | 18090 ||| Stepping ~*~*~tactically~*~*~ (stealth).
 18095 | D:12     | 18095 ||| Stepping ~*~*~tactically~*~*~ (hiding).
 18096 | D:12     | 18096 ||| Stepping ~*~*~tactically~*~*~ (hiding).
 18097 | D:12     | 18097 ||| Stepping ~*~*~tactically~*~*~ (hiding).
 18098 | D:12     | 18098 ||| Stepping ~*~*~tactically~*~*~ (hiding).
 18099 | D:12     | 18099 ||| Stepping ~*~*~tactically~*~*~ (hiding).
 18106 | D:12     | 18106 ||| Stepping ~*~*~tactically~*~*~ (hiding).
 18305 | D:12     | 18305 ||| Stepping ~*~*~tactically~*~*~ (stealth).
 18327 | D:12     | Received a gift from Okawaru
 18621 | D:12     | 18621 ||| DROPPING +6 ring of intelligence.
 18622 | D:12     | 18622 ||| READING 9 scrolls of identify.
 18622 | D:12     | 18622 ||| IDENTIFYING sapphire potion
 18903 | D:13     | 18903 ||| INVOKING Heroism.
 18904 | D:13     | 18904 ||| INVOKING Finesse.
 18905 | D:13     | 18905 ||| SWAPPING to +0 demon whip of venom.
 18916 | D:13     | 18916 ||| SWAPPING to +3 spectral war axe.
 18990 | D:13     | 18990 ||| INVOKING Heroism.
 19020 | D:13     | Found a gate to the Vaults.
 19020 | D:13     | Noticed an ironbound preserver
 19035 | D:13     | HP: 16/92 [cyclops/large rock (14)]
 19036 | D:13     | 19036 ||| READING 10 scrolls of teleportation.
 19037 | D:13     | 19037 ||| DRINKING 4 potions of heal wounds.
 19039 | D:13     | Killed an ironbound preserver
 19040 | D:13     | Found a glowing silver altar of Zin.
 19264 | D:13     | 19264 ||| INVOKING Heroism.
 19265 | D:13     | 19265 ||| INVOKING Finesse.
 19291 | D:13     | Reached skill level 16 in Axes
 19301 | D:13     | Reached XP level 15. HP: 79/96 MP: 16/22
 19309 | D:13     | Received a gift from Okawaru
 19377 | D:13     | 19377 ||| Stepping ~*~*~tactically~*~*~ (stealth).
 19493 | D:13     | 19493 ||| READING scroll of acquirement.
 19493 | D:13     | 19493 ||| ACQUIRING +1 broad axe of Luxury {drain, rF+
                  | Will+}
 19493 | D:13     | Acquired the +1 broad axe of Luxury {drain, rF+ Will+}
 19495 | D:13     | 19495 ||| SWAPPING to +1 broad axe of Luxury {drain, rF+
                  | Will+}.
 19512 | D:13     | 19512 ||| Stepping ~*~*~tactically~*~*~ (hiding).
 19880 | D:13     | Noticed Snorg
 19890 | D:13     | 19890 ||| INVOKING Heroism.
 19892 | D:13     | Killed Snorg
 20103 | D:14     | 20103 ||| INVOKING Heroism.
 20114 | D:14     | Noticed Jorgrun
 20115 | D:14     | 20115 ||| INVOKING Finesse.
 20149 | D:14     | Killed Jorgrun
 20291 | D:14     | Noticed Lodul
 20292 | D:14     | 20292 ||| Stepping ~*~*~tactically~*~*~ (hiding).
 20308 | D:14     | Killed Lodul
 20308 | D:14     | Received a gift from Okawaru
 20402 | D:14     | 20402 ||| Stepping ~*~*~tactically~*~*~ (hiding).
 20447 | D:14     | 20447 ||| Stepping ~*~*~tactically~*~*~ (hiding).
 20451 | D:14     | Noticed Louise
 20452 | D:14     | 20452 ||| INVOKING Heroism.
 20453 | D:14     | 20453 ||| INVOKING Finesse.
 20476 | D:14     | Received a gift from Okawaru
 20479 | D:14     | Killed Louise
 20480 | D:14     | Reached skill level 17 in Axes
 20574 | D:14     | Found the +18 shield of the Gong {Loud rN+ Will+ rCorr
                  | EV-5}
 20704 | D:14     | 20704 ||| INVOKING Heroism.
 20933 | D:14     | Received a gift from Okawaru
 20935 | D:14     | 20935 ||| DROPPING +2 war axe of freezing.
 21286 | D:14     | 21286 ||| UPGRADING to +3 plate armour of cold resistance.
 21296 | D:14     | 21296 ||| DROPPING +1 plate armour.
 21297 | D:14     | 21297 ||| UPGRADING to +2 tower shield.
 21307 | D:14     | 21307 ||| DROPPING +3 warlock's mirror {omnireflect}.
 21308 | D:14     | 21308 ||| UPGRADING to +18 shield of the Gong {Loud rN+
                  | Will+ rCorr EV-5}.
 21318 | D:14     | 21318 ||| DROPPING +2 tower shield.
 21340 | D:15     | Entered Level 15 of the Dungeon
 21345 | D:15     | 21345 ||| READING scroll of acquirement.
 21345 | D:15     | 21345 ||| ACQUIRING amulet of reflection
 21345 | D:15     | Acquired an amulet of reflection
 21347 | D:15     | 21347 ||| UPGRADING to amulet of reflection.
 21355 | D:15     | 21355 ||| INVOKING Heroism.
 21356 | D:15     | 21356 ||| INVOKING Finesse.
 21358 | D:15     | 21358 ||| SWAPPING to +0 demon whip of venom.
 21366 | D:15     | 21366 ||| SWAPPING to +1 broad axe of Luxury {drain, rF+
                  | Will+}.
 21404 | D:15     | 21404 ||| INVOKING Heroism.
 21406 | D:15     | Reached skill level 9 in Shields
 21413 | D:15     | 21413 ||| INVOKING Finesse.
 21426 | D:15     | 21426 ||| SWAPPING to +0 demon whip of venom.
 21439 | D:15     | 21439 ||| SWAPPING to +1 broad axe of Luxury {drain, rF+
                  | Will+}.
 21649 | D:15     | Found a hide-covered altar of Uskayaw.
 21861 | D:15     | Found a staircase to the Depths.
 21915 | D:15     | 21915 ||| PLANNING ORC
 22009 | Orc:1    | Entered Level 1 of the Orcish Mines
 22010 | Orc:1    | 22010 ||| STAIRDANCE
 22115 | Orc:1    | 22115 ||| INVOKING Heroism.
 22149 | Orc:1    | Noticed Josephine
 22150 | Orc:1    | 22150 ||| INVOKING Heroism.
 22164 | Orc:1    | Killed Josephine
 22169 | Orc:1    | HP: 21/97 [wraith[Josephine] (5)]
 22170 | Orc:1    | 22170 ||| READING 9 scrolls of teleportation.
 22171 | Orc:1    | 22171 ||| DRINKING 4 potions of heal wounds.
 22192 | Orc:1    | 22192 ||| Stepping ~*~*~tactically~*~*~ (stealth).
 22214 | Orc:1    | 22214 ||| Stepping ~*~*~tactically~*~*~ (stealth).
 22228 | Orc:1    | 22228 ||| Stepping ~*~*~tactically~*~*~ (stealth).
 22242 | Orc:1    | 22242 ||| Stepping ~*~*~tactically~*~*~ (hiding).
 22247 | Orc:1    | 22247 ||| INVOKING Heroism.
 22283 | Orc:1    | 22283 ||| Stepping ~*~*~tactically~*~*~ (stealth).
 22326 | Orc:1    | 22326 ||| Stepping ~*~*~tactically~*~*~ (stealth).
 22328 | Orc:1    | 22328 ||| Stepping ~*~*~tactically~*~*~ (hiding).
 22351 | Orc:1    | 22351 ||| INVOKING Heroism.
 22539 | Orc:1    | 22539 ||| Stepping ~*~*~tactically~*~*~ (stealth).
 22540 | Orc:1    | 22540 ||| Stepping ~*~*~tactically~*~*~ (stealth).
 22542 | Orc:1    | 22542 ||| Stepping ~*~*~tactically~*~*~ (stealth).
 22544 | Orc:1    | 22544 ||| Stepping ~*~*~tactically~*~*~ (stealth).
 22551 | Orc:1    | 22551 ||| Stepping ~*~*~tactically~*~*~ (stealth).
 22686 | Orc:1    | 22686 ||| INVOKING Heroism.
 22991 | Orc:2    | Entered Level 2 of the Orcish Mines
 22993 | Orc:2    | Found Vecell's General Store.
 23002 | Orc:2    | 23002 ||| BUYING potion of resistance (140 gold).
 23002 | Orc:2    | Bought a potion of resistance for 140 gold pieces
 23005 | Orc:2    | 23005 ||| INVOKING Heroism.
 23033 | Orc:2    | 23033 ||| Stepping ~*~*~tactically~*~*~ (hiding).
 23040 | Orc:2    | Reached XP level 16. HP: 103/103 MP: 23/23
 23051 | Orc:2    | 23051 ||| Stepping ~*~*~tactically~*~*~ (hiding).
 23067 | Orc:2    | 23067 ||| INVOKING Heroism.
 23089 | Orc:2    | 23089 ||| Stepping ~*~*~tactically~*~*~ (hiding).
 23092 | Orc:2    | 23092 ||| Stepping ~*~*~tactically~*~*~ (hiding).
 23100 | Orc:2    | Reached skill level 12 in Shields
 23114 | Orc:2    | 23114 ||| Stepping ~*~*~tactically~*~*~ (hiding).
 23118 | Orc:2    | Found a frozen archway.
 23130 | Orc:2    | 23130 ||| INVOKING Heroism.
 23152 | Orc:2    | 23152 ||| Stepping ~*~*~tactically~*~*~ (hiding).
 23178 | Orc:2    | 23178 ||| INVOKING Heroism.
 23229 | Orc:2    | 23229 ||| Stepping ~*~*~tactically~*~*~ (hiding).
 23230 | Orc:2    | 23230 ||| INVOKING Heroism.
 23279 | Orc:2    | 23279 ||| Stepping ~*~*~tactically~*~*~ (stealth).
 23288 | Orc:2    | 23288 ||| INVOKING Heroism.
 23305 | Orc:2    | 23305 ||| Stepping ~*~*~tactically~*~*~ (hiding).
 23307 | Orc:2    | 23307 ||| Stepping ~*~*~tactically~*~*~ (hiding).
 23344 | Orc:2    | Found Ymuogg's Book Shoppe.
 23373 | Orc:2    | Found a staircase to the Elven Halls.
 23406 | Orc:2    | Found Kuxom's General Store.
 23434 | Orc:2    | Found Dautu's Antique Armour Shoppe.
 23445 | Orc:2    | 23445 ||| INVOKING Heroism.
 23473 | Orc:2    | Found Abrosy's Antique Weapon Shoppe.
 23732 | Orc:2    | 23732 ||| PLANNING SWAMP:1-3
 23920 | Swamp:1  | Entered Level 1 of the Swamp
 23920 | Swamp:1  | Noticed Roxanne
 23921 | Swamp:1  | 23921 ||| INVOKING Heroism.
 23939 | Swamp:1  | HP: 24/103 [will-o-the-wisp/foxfire (6)]
 23940 | Swamp:1  | 23940 ||| READING 8 scrolls of teleportation.
 23941 | Swamp:1  | 23941 ||| DRINKING 3 potions of heal wounds.
 23943 | Swamp:1  | 23943 ||| SWAPPING to +0 demon whip of venom.
 23948 | Swamp:1  | 23948 ||| SWAPPING to +1 broad axe of Luxury {drain, rF+
                  | Will+}.
 23952 | Swamp:1  | HP: 15/103 [will-o-the-wisp/foxfire (14)]
 23953 | Swamp:1  | 23953 ||| READING 7 scrolls of teleportation.
 23954 | Swamp:1  | 23954 ||| DRINKING 2 potions of heal wounds.
 23955 | Swamp:1  | 23955 ||| INVOKING Heroism.
 23956 | Swamp:1  | 23956 ||| SWAPPING to +0 demon whip of venom.
 23958 | Swamp:1  | 23958 ||| Stepping ~*~*~tactically~*~*~ (outnumbered).
 23959 | Swamp:1  | 23959 ||| SWAPPING to +1 broad axe of Luxury {drain, rF+
                  | Will+}.
 23979 | Swamp:1  | Noticed Mlioglotl
 23990 | Swamp:1  | HP: 25/103 [acid (4)]
 23991 | Swamp:1  | 23991 ||| READING 6 scrolls of teleportation.
 23992 | Swamp:1  | 23992 ||| DRINKING potion of heal wounds.
 23995 | Swamp:1  | 23995 ||| Stepping ~*~*~tactically~*~*~ (hiding).
 23998 | Swamp:1  | 23998 ||| Stepping ~*~*~tactically~*~*~ (hiding).
 24018 | Swamp:1  | 24018 ||| INVOKING Heroism.
 24029 | Swamp:1  | 24029 ||| SWAPPING to +0 demon whip of venom.
 24039 | Swamp:1  | HP: 18/103 [will-o-the-wisp/foxfire (9)]
 24040 | Swamp:1  | 24040 ||| READING 5 scrolls of teleportation.
 24049 | Swamp:1  | 24049 ||| READING 4 scrolls of teleportation.
 24050 | Swamp:1  | 24050 ||| SWAPPING to +1 broad axe of Luxury {drain, rF+
                  | Will+}.
 24053 | Swamp:1  | 24053 ||| SWAPPING to +0 demon whip of venom.
 24055 | Swamp:1  | 24055 ||| READING 3 scrolls of teleportation.
 24056 | Swamp:1  | 24056 ||| SWAPPING to +1 broad axe of Luxury {drain, rF+
                  | Will+}.
 24060 | Swamp:1  | 24060 ||| READING 2 scrolls of teleportation.
 24178 | Swamp:1  | 24178 ||| Stepping ~*~*~tactically~*~*~ (stealth).
 24183 | Swamp:1  | 24183 ||| Stepping ~*~*~tactically~*~*~ (stealth).
 24288 | Swamp:1  | 24288 ||| Stepping ~*~*~tactically~*~*~ (stealth).
 24289 | Swamp:1  | 24289 ||| Stepping ~*~*~tactically~*~*~ (stealth).
 24292 | Swamp:1  | 24292 ||| Stepping ~*~*~tactically~*~*~ (hiding).
 24317 | Swamp:1  | 24317 ||| INVOKING Heroism.
 24346 | Swamp:1  | 24346 ||| SWAPPING to +0 demon whip of venom.
 24350 | Swamp:1  | HP: 18/103 [Mlioglotl (12)]
 24351 | Swamp:1  | 24351 ||| READING scroll of teleportation.
 24351 | Swamp:1  | Mangled by Mlioglotl

Levels and vault maps discovered:
D:1:      dpeg_arrival_simpleton_c, layout_loops_ring, serial_shops,
          nicolae_shop_trees
D:2:      wander_river, layout_loops_cross, dreamdust_ecumenical_altar_grove,
          serial_shops, nicolae_shop_tiny_real_fake_doors, basic_altar,
          uniq_crazy_yiuf_cottage
D:3:      layout_loops_cross, mainiacjoe_overflow_big_doors
D:4:      layout_rooms, elyvilon_altar_5, nemelex_xobeh_ov_fountains_minmay,
          nicolae_gozag_seed_capital, gup_sewer_entry_pipe, grunt_decor_clamped,
          uniq_edmund, uniq_natasha
D:5:      layout_rooms, uniq_duvessa
D:6:      layout_basic, minmay_temple_entry_poolview, gammafunk_ghost_smash,
          uniq_eustachio
D:7:      layout_basic, nicolae_ossuary_entry_monument, minmay_misc_feat_five,
          uniq_menkaure
D:8:      layout_basic, special_room [special_room_kobold], nicolae_wwwww,
          grunt_tough_drop, uniq_maurice, uniq_psyche
D:9:      layout_big_octagon, mainiacjoe_overflow_chevrons,
          amcnicky_altar_gilded, david_lair_shrubbed
D:10:     layout_loops_ring, serial_shops, nicolae_shop_advertising_works
          [nicolae_subvault_shop_adworks], grunt_ogre_cave, grunt_ministairs_5,
          chequers_serial_rivers_micro_b, nicolae_figureground_sparkle
D:11:     layout_gridville, uniq_amaemon
D:12:     nrook_guardian_serpent_snake_passage, layout_basic, orc_0_dummy
D:13:     layout_basic, skrybe_vaults_entry_preservation, zin_statuary,
          uniq_snorg
D:14:     layout_cave_pools, serial_co_window_serial, co_window_cross_1,
          co_window_corner_a, co_window_corner_a, co_window_paths_a,
          co_window_corner_a, co_window_2corner, co_window_cross_2,
          co_window_corner_b, co_window_broadway_b, co_window_corner_b,
          glass_columns_a, glass_columns_c, kennysheep_path_1,
          hellmonk_guarded_unrand_gong, uniq_jorgrun, uniq_lodul, uniq_louise
D:15:     grunt_enter_depths_hoard, layout_cave_pools, serial_park,
          serial_park_square2, serial_park_tiny_2, serial_bayou_pond_a,
          nicolae_uskayaw_murder_on_the_dancefloor
Temple:   regret_index_temple_generic_petals
Lair:1:   layout_misc_corridors
Lair:2:   layout_gridlike, enter_volcano_1, grunt_megastairs_2,
          infiniplex_staircase_pool_2, serial_bayou_shore_a
Lair:3:   layout_roguey, swamp_mist, nicolae_snake_entry_warm_welcome,
          nzn_ghost_randoct, nicolae_quartered_pool_super
Lair:4:   layout_hall_layers, serial_bayou_pond_d
Lair:5:   hellmonk_lair_end_abyssal_woods, layout_gridlike,
          nicolae_slime_entry_field_trip, eino_house_with_fridge
Swamp:1:  layout_basic_swamp, nicolae_swamp_fairy_circle, uniq_mlioglotl,
          uniq_roxanne
Orc:1:    cheibrodos_orc_bank, layout_caves, uniq_josephine
Orc:2:    grunt_orc_gardens, layout_caves, grunt_orc_garden, grunt_orc_garden,
          grunt_orc_garden, grunt_orc_garden, serial_shops,
          nicolae_shop_hallway_plus, portal_ice_cave_entry_pillars_2

Skill      XL: |  1  2  3  4  5  6  7  8  9 10 11 12 13 14 15 16 |
---------------+-------------------------------------------------+-----
Axes           | 2 3 4 5 7 8 9 11 12 13 14 16 17 | 17.0
Dodging        | 1 2 3 4 |  4.1
Fighting       | 4 6 7 8 9 10 11 12 13 | 13.0
Armour         | 4 5 6 7 8 9 10 12 | 12.0
Throwing       | 1 3 4 5 |  5.1
Invocations    | 4 5 8 10 | 10.0
Shields        | 4 5 6 7 11 13 | 13.0

Action                     |  1- 3 |  4- 6 |  7- 9 | 10-12 | 13-15 | 16-18 || total
---------------------------+-------+-------+-------+-------+-------+-------++-------
  Melee: War axe           |    78 |   124 |   388 |   473 |   618 |       ||  1681
         Mace              |       |       |       |     4 |     6 |       ||    10
         Demon whip        |       |       |       |       |    29 |    28 ||    57
         Broad axe         |       |       |       |       |   327 |   206 ||   533
  Throw: Boomerang         |       |       |    81 |    68 |   186 |    28 ||   363
         Javelin           |       |       |       |    35 |    27 |     4 ||    66
 Invoke: Heroism           |       |       |     8 |    26 |    27 |    10 ||    71
         Finesse           |       |       |       |       |     7 |       ||     7
    Use: Scroll            |     3 |     5 |     9 |    10 |    10 |     8 ||    45
         Potion            |       |     2 |     7 |     1 |     3 |     3 ||    16
   Stab: Distracted        |       |       |       |       |    12 |       ||    12
 Armour: Scale mail        |    13 |       |       |       |       |       ||    13
         Plate armour      |    21 |    86 |   331 |   336 |   418 |   110 ||  1302
  Dodge: Dodged            |    28 |    31 |   152 |   213 |   210 |    43 ||   677
  Block: Buckler           |    12 |    31 |   130 |   133 |   168 |       ||   474
         Reflection        |       |       |       |       |    42 |    13 ||    55
         Kite shield       |       |       |       |       |   255 |   351 ||   606

Table legend:
 A = Non-vault XP
 B = Vault XP
 C = Vault XP percentage of total XP
 D = Non-vault monster count
 E = Vault monster count
 F = Vault count percentage of total count
                 A         B        C        D         E       F
            +---------+---------+-------+---------+---------+-------
      Total |  103720 |   44244 |  29.9 |     539 |     220 |  29.0
            +---------+---------+-------+---------+---------+-------
        D:1 |      32 |       0 |   0.0 |      19 |       0 |   0.0
        D:2 |      75 |       0 |   0.0 |      14 |       0 |   0.0
        D:3 |     109 |       0 |   0.0 |      21 |       0 |   0.0
        D:4 |     593 |     209 |  26.1 |      23 |       8 |  25.8
        D:5 |     689 |     199 |  22.4 |      21 |       2 |   8.7
        D:6 |     769 |     203 |  20.9 |      19 |       1 |   5.0
        D:7 |     841 |     157 |  15.7 |      17 |       1 |   5.6
        D:8 |     444 |    2014 |  81.9 |      15 |      19 |  55.9
        D:9 |     897 |     372 |  29.3 |      22 |       1 |   4.3
       D:10 |    4160 |     624 |  13.0 |      27 |       3 |  10.0
       D:11 |    4754 |    1190 |  20.0 |      22 |       2 |   8.3
       D:12 |    3347 |     912 |  21.4 |      20 |       2 |   9.1
       D:13 |    8679 |    5626 |  39.3 |      25 |      10 |  28.6
       D:14 |   12684 |    6078 |  32.4 |      22 |      15 |  40.5
       D:15 |    6989 |    1696 |  19.5 |      14 |       2 |  12.5
     Lair:1 |    6150 |       0 |   0.0 |      27 |       0 |   0.0
     Lair:2 |    6034 |       0 |   0.0 |      29 |       0 |   0.0
     Lair:3 |    7502 |     782 |   9.4 |      25 |       5 |  16.7
     Lair:4 |    5086 |       0 |   0.0 |      17 |       0 |   0.0
     Lair:5 |   16143 |   11696 |  42.0 |      44 |      57 |  56.4
    Swamp:1 |    7739 |       0 |   0.0 |      20 |       0 |   0.0
      Orc:1 |    5934 |    2888 |  32.7 |      48 |      26 |  35.1
      Orc:2 |    4070 |    9339 |  69.6 |      28 |      27 |  49.1
    Ossuary |       0 |     259 | 100.0 |       0 |      39 | 100.0
            +---------+---------+-------+---------+---------+-------
